[Event "Chinese Team-ch Men 2025"]
[Site "Zhang Jiakou Hebei"]
[Date "2025.04.29"]
[Round "5.18"]
[White "Zhao, Chenxi"]
[Black "Hou, Yifan b"]
[Result "1-0"]
[Annotator "RC"]
[ECO "B30"]
[WhiteElo "2453"]
[BlackElo "2313"]
[PlyCount "59"]
[EventDate "2025.04.26"]
[EventType "team-tourn"]
[EventCountry "CHN"]
[SourceTitle "playchess.com"]
[Source "ChessBase"]
[SourceQuality "1"]
[TimeControl "5400+30"]

1. e4 c5 2. Nf3 Nc6 3. Bb5 e6 4. Bxc6 bxc6 5. d3 Ne7 6. Nbd2 f6 7. h4 h5 8. e5 Ng6 9. Qe2 Qc7 10. Nc4 Ba6 11. Qe4 Kf7 12. Bf4 Be7 13. exf6 Qxf4 14. Nfe5+ Kg8 15. f7+ Qxf7 16. Nxf7 Kxf7 17. Rh3 Bxc4 18. Qxc4 Ne5 19. Qc3 d6 20. d4 cxd4 21. Qxd4 c5 22. Qe4 Rab8 23. Rb3 a5 24. Kf1 c4 25. Rb7 Rxb7 26. Qxb7 Rd8 27. Re1 Rd7 28. Qe4 Bf6 29. f4 d5 30. Qe2 1-0

[Event "Chinese Team-ch Men 2025"]
[Site "Zhang Jiakou Hebei"]
[Date "2025.04.29"]
[Round "5.19"]
[White "Fan, Huifeng"]
[Black "Wu, Yixing"]
[Result "1-0"]
[Annotator "RC"]
[ECO "B22"]
[WhiteElo "2178"]
[BlackElo "2406"]
[PlyCount "87"]
[EventDate "2025.04.26"]
[EventType "team-tourn"]
[EventCountry "CHN"]
[SourceTitle "playchess.com"]
[Source "ChessBase"]
[SourceQuality "1"]
[TimeControl "5400+30"]

1. e4 c5 2. c3 d5 3. exd5 Nf6 4. Bb5+ Nbd7 5. Nf3 a6 6. Be2 Nxd5 7. d4 e6 8. O-O Qc7 9. Re1 Bd6 10. Nbd2 cxd4 11. Ne4 dxc3 12. Nxd6+ Qxd6 13. bxc3 Qc5 14. c4 Nc3 15. Qd3 Nxe2+ 16. Rxe2 b5 17. Qe4 Rb8 18. Qg4 g6 19. Bh6 Qxc4 20. Re4 Qd5 21. Rd4 Qf5 22. Qg3 e5 23. Re1 f6 24. Bg7 Rg8 25. Rxd7 Kxd7 26. Bxf6 Qxf6 27. Nxe5+ Kc7 28. Ng4+ Qd6 29. Rc1+ Kd7 30. Nf6+ Qxf6 31. Qc7+ Ke8 32. Qxb8 Ke7 33. Qc7+ Kf8 34. Rd1 Qf7 35. Qxc8+ Kg7 36. Qc3+ Kh6 37. Qh3+ Kg5 38. Qe3+ Kf6 39. Rd6+ Kg7 40. Qd4+ Kh6 41. Qd2+ Kh5 42. Rd7 Qe6 43. Rxh7+ Kg4 44. Qd4+ 1-0

[Event "Chinese Team-ch Men 2025"]
[Site "Zhang Jiakou Hebei"]
[Date "2025.04.29"]
[Round "5.20"]
[White "Ren, Yibai"]
[Black "Qu, Yanqiao"]
[Result "1/2-1/2"]
[Annotator "RC"]
[ECO "C42"]
[WhiteElo "2027"]
[BlackElo "1969"]
[PlyCount "123"]
[EventDate "2025.04.26"]
[EventType "team-tourn"]
[EventCountry "CHN"]
[SourceTitle "playchess.com"]
[Source "ChessBase"]
[SourceQuality "1"]
[TimeControl "5400+30"]

1. e4 e5 2. Nf3 Nf6 3. Nxe5 d6 4. Nf3 Nxe4 5. Nc3 Nxc3 6. dxc3 Nc6 7. Bf4 Be7 8. Qd2 Be6 9. O-O-O Qd7 10. h4 h6 11. Kb1 Bf6 12. Nd4 Nxd4 13. cxd4 d5 14. a3 Be7 15. Bd3 Bd6 16. Rde1 O-O-O 17. Be5 Bxe5 18. Rxe5 Rde8 19. Qf4 Qd6 20. Bf5 Bd7 21. Qe3 Kd8 22. Bxd7 Qxd7 23. Re1 f6 24. Rxe8+ Rxe8 25. Qc3 Rxe1+ 26. Qxe1 a6 27. Qb4 c6 28. Qf8+ Kc7 29. g3 Qg4 30. Qe7+ Qd7 31. Qe3 Qf5 32. f3 Qh3 33. Qf4+ Kb6 34. b3 Qe6 35. a4 g5 36. hxg5 hxg5 37. Qb8 Qe7 38. g4 c5 39. dxc5+ Kxc5 40. Qa7+ Kc6 41. Qd4 Qe5 42. Qd3 Qe1+ 43. Ka2 Qe5 44. Qd2 Kc7 45. Qa5+ Kb8 46. Qc5 Qe6 47. Qd4 Qe5 48. Qd3 Ka7 49. Qd2 Kb8 50. Qb4 Ka7 51. Qc5+ Kb8 52. b4 Qe6 53. Kb2 b6 54. Qf2 Kb7 55. a5 bxa5 56. bxa5 Qc6 57. Qe1 Qb5+ 58. Kc1 Qc5 59. Kb2 Qb5+ 60. Kc1 Qc5 61. Kb2 Qb5+ 62. Kc1 1/2-1/2

[Event "Chinese Team-ch Men 2025"]
[Site "Zhang Jiakou Hebei"]
[Date "2025.04.29"]
[Round "5.21"]
[White "Lin, Weiguo"]
[Black "Xu, Minghui"]
[Result "1-0"]
[Annotator "RC"]
[ECO "D52"]
[WhiteElo "2382"]
[BlackElo "2459"]
[PlyCount "93"]
[EventDate "2025.04.26"]
[EventType "team-tourn"]
[EventCountry "CHN"]
[SourceTitle "playchess.com"]
[Source "ChessBase"]
[SourceQuality "1"]
[TimeControl "5400+30"]

1. d4 Nf6 2. c4 e6 3. Nf3 d5 4. Nc3 Nbd7 5. Bg5 c6 6. e3 Qa5 7. Nd2 Bb4 8. Qc2 O-O 9. Be2 c5 10. O-O cxd4 11. exd4 dxc4 12. Bxf6 Nxf6 13. Nxc4 Qd8 14. Rfd1 Bd7 15. Bf3 Rc8 16. Ne5 Qa5 17. Rdc1 Rc7 18. a3 Bd6 19. Qe2 Rfc8 20. Rd1 Ba4 21. Re1 Be8 22. h3 b5 23. d5 exd5 24. Ng4 Nxg4 25. Bxg4 Re7 26. Bxc8 Rxe2 27. Rxe2 Bc6 28. Rd1 Qd8 29. Bg4 d4 30. Red2 Be5 31. Ne2 h5 32. Nxd4 Bxd4 33. Rxd4 Qg5 34. h4 Qe5 35. Bh3 a5 36. Rd6 Be4 37. R1d2 b4 38. axb4 axb4 39. g3 b3 40. Rd8+ Kh7 41. Bf1 g6 42. R8d7 Qf5 43. Bg2 Bc2 44. Rb7 Qf6 45. Rdd7 Qxb2 46. Rxf7+ Kg8 47. Bd5 1-0

[Event "Chinese Team-ch Men 2025"]
[Site "Zhang Jiakou Hebei"]
[Date "2025.04.29"]
[Round "5.22"]
[White "Chen, Yuan"]
[Black "Yu, Zhe"]
[Result "1-0"]
[Annotator "RC"]
[ECO "D06"]
[WhiteElo "2286"]
[BlackElo "1837"]
[PlyCount "87"]
[EventDate "2025.04.26"]
[EventType "team-tourn"]
[EventCountry "CHN"]
[SourceTitle "playchess.com"]
[Source "ChessBase"]
[SourceQuality "1"]
[TimeControl "5400+30"]

1. Nf3 Nf6 2. d4 d5 3. e3 Bf5 4. c4 e6 5. Qb3 Qc8 6. Nc3 c6 7. Nh4 Bg4 8. h3 Bh5 9. g4 Bg6 10. Nxg6 hxg6 11. Be2 Bd6 12. Bd2 Nbd7 13. O-O-O Qc7 14. Kb1 g5 15. Rc1 a6 16. Bf3 Qb6 17. Qa4 Bb4 18. cxd5 exd5 19. Qc2 Bxc3 20. Bxc3 Nf8 21. Qf5 Ne6 22. h4 gxh4 23. g5 Nh5 24. Rxh4 g6 25. Qe5 O-O-O 26. Bxd5 Qb5 27. Bxe6+ fxe6 28. Qxe6+ Kb8 29. Qxg6 Rdg8 30. Qe4 Rxg5 31. f4 Rd5 32. Qc2 Re8 33. e4 Rd7 34. a4 Qc4 35. Rxh5 Qf7 36. Rf5 Qg6 37. d5 cxd5 38. Rxd5 Rxd5 39. exd5 Qxc2+ 40. Kxc2 Kc7 41. Be5+ Kd7 42. Kd3 Rc8 43. Rxc8 Kxc8 44. f5 1-0

[Event "Chinese Team-ch Men 2025"]
[Site "Zhang Jiakou Hebei"]
[Date "2025.04.29"]
[Round "5.23"]
[White "Zhai, Bugong"]
[Black "Chen, Zhi"]
[Result "0-1"]
[Annotator "RC"]
[ECO "A20"]
[WhiteElo "1661"]
[BlackElo "2094"]
[PlyCount "100"]
[EventDate "2025.04.26"]
[EventType "team-tourn"]
[EventCountry "CHN"]
[SourceTitle "playchess.com"]
[Source "ChessBase"]
[SourceQuality "1"]
[TimeControl "5400+30"]

1. c4 e5 2. g3 c6 3. Nf3 e4 4. Nd4 d5 5. cxd5 Qxd5 6. Nc2 Nf6 7. Nc3 Qe5 8. Bg2 Na6 9. Ne3 Bc5 10. Qc2 Bxe3 11. fxe3 Bf5 12. a3 h5 13. O-O h4 14. Rxf5 Qxf5 15. Nxe4 Nxe4 16. Qxe4+ Qxe4 17. Bxe4 Nc5 18. Bc2 hxg3 19. hxg3 Rd8 20. e4 Ne6 21. d3 Rh5 22. Be3 a6 23. b4 Ke7 24. Kg2 Rdh8 25. Bg1 a5 26. Rb1 axb4 27. Rxb4 b5 28. d4 Ra8 29. a4 bxa4 30. Bxa4 c5 31. Rb7+ Kf8 32. Bb3 cxd4 33. Bxe6 fxe6 34. Bxd4 Rg5 35. Be3 Rg6 36. Bf4 Kg8 37. Rb5 Ra4 38. Kf3 Rf6 39. e5 Rf8 40. Kg4 Rf5 41. Kh3 g5 42. Bc1 Re4 43. e3 Rfxe5 44. Rxe5 Rxe5 45. Kg4 Kf7 46. Kf3 Rb5 47. Bd2 Kg6 48. Bc3 Kh5 49. Bd4 Rf5+ 50. Kg2 Kg4 0-1

[Event "Chinese Team-ch Men 2025"]
[Site "Zhang Jiakou Hebei"]
[Date "2025.04.29"]
[Round "5.25"]
[White "Zhang, Ziji"]
[Black "Gong, Changda"]
[Result "1/2-1/2"]
[Annotator "RC"]
[ECO "D30"]
[WhiteElo "2371"]
[BlackElo "2131"]
[PlyCount "61"]
[EventDate "2025.04.26"]
[EventType "team-tourn"]
[EventCountry "CHN"]
[SourceTitle "playchess.com"]
[Source "ChessBase"]
[SourceQuality "1"]
[TimeControl "5400+30"]

1. d4 d5 2. c4 c6 3. Nf3 Nf6 4. e3 e6 5. Nbd2 c5 6. cxd5 Nxd5 7. Nb3 Nd7 8. Be2 Be7 9. O-O O-O 10. Nxc5 Nxc5 11. dxc5 Bxc5 12. e4 Nb4 13. a3 Qxd1 14. Rxd1 Nc6 15. Bf4 f6 16. Rac1 Bb6 17. Bc4 Rd8 18. Ba2 Kf7 19. Rxd8 Bxd8 20. Rd1 Ke8 21. Be3 Bd7 22. Nd2 Bc7 23. Nc4 b6 24. h3 Ke7 25. Kf1 Ne5 26. Ke1 Nxc4 27. Bxc4 Bc6 28. f3 Be5 29. Bd4 Bxd4 30. Rxd4 e5 31. Rd2 1/2-1/2

[Event "Chinese Team-ch Men 2025"]
[Site "Zhang Jiakou Hebei"]
[Date "2025.04.29"]
[Round "5.26"]
[White "Qu, Haoming"]
[Black "Fan, Jingyi"]
[Result "1/2-1/2"]
[Annotator "RC"]
[ECO "B22"]
[WhiteElo "2066"]
[BlackElo "2175"]
[PlyCount "129"]
[EventDate "2025.04.26"]
[EventType "team-tourn"]
[EventCountry "CHN"]
[SourceTitle "playchess.com"]
[Source "ChessBase"]
[SourceQuality "1"]
[TimeControl "5400+30"]

1. e4 c5 2. Nf3 e6 3. c3 d5 4. exd5 Qxd5 5. d4 Nf6 6. Na3 Nc6 7. Be3 cxd4 8. Nb5 Qd7 9. Nbxd4 Be7 10. Nxc6 Qxc6 11. Ne5 Qe4 12. Qd4 Qxd4 13. Bxd4 Nd5 14. Bb5+ Kf8 15. O-O-O f6 16. Nd3 Kf7 17. Rhe1 Rd8 18. Bc5 Nc7 19. Bxe7 Kxe7 20. Ba4 b5 21. Bb3 Bb7 22. Nc5 Rxd1+ 23. Rxd1 Bd5 24. Re1 Rd8 25. Kc2 g5 26. Bxd5 Rxd5 27. Nb3 f5 28. g3 e5 29. Nd2 Ne6 30. Nf1 Kf6 31. g4 f4 32. Nd2 Nc5 33. f3 Rd8 34. b3 h6 35. Rd1 Ke7 36. b4 Nb7 37. Re1 Rd5 38. a4 a5 39. axb5 Rxb5 40. Nc4 axb4 41. cxb4 Ke6 42. Kc3 Nd8 43. Nb2 Nc6 44. Nd3 Nd4 45. Kc4 Rd5 46. Rd1 Rd8 47. Nc5+ Ke7 48. Rd3 Ra8 49. Kd5 Ra2 50. Kxe5 Nc6+ 51. Kf5 Nxb4 52. Rd7+ Ke8 53. Rb7 Nc6 54. Ne4 Nd4+ 55. Kf6 Ra6+ 56. Kg7 Nxf3 57. Rb8+ Ke7 58. Rb7+ Kd8 59. Rb8+ Kc7 60. Rh8 Nxh2 61. Rxh6 Rxh6 62. Kxh6 Kc6 63. Kxg5 f3 64. Kf4 Nxg4 65. Kxf3 1/2-1/2

[Event "Chinese Team-ch Men 2025"]
[Site "Zhang Jiakou Hebei"]
[Date "2025.04.29"]
[Round "5.27"]
[White "Zhang, Jingran"]
[Black "Yu, Zhenghuan"]
[Result "1-0"]
[Annotator "NA RC"]
[ECO "A11"]
[WhiteElo "1787"]
[BlackElo "1757"]
[PlyCount "101"]
[EventDate "2025.04.26"]
[EventType "team-tourn"]
[EventCountry "CHN"]
[SourceTitle "playchess.com"]
[Source "ChessBase"]
[SourceQuality "1"]
[TimeControl "5400+30"]

1. Nf3 Nf6 2. c4 c6 3. Nc3 d5 4. e3 e6 5. b3 Nbd7 6. Qc2 Bd6 7. Bb2 O-O 8. Be2 Re8 9. O-O b6 10. cxd5 exd5 11. Nd4 Bb7 12. Nf5 Bf8 13. d4 g6 14. Ng3 Bd6 15. Bf3 Rc8 16. Rad1 h5 17. Rfe1 Ng4 18. Nf1 Ba6 19. h3 Bxf1 20. hxg4 hxg4 21. Kxf1 gxf3 22. gxf3 Qf6 23. Ke2 Nf8 24. Rg1 Ne6 25. Rg4 Ng5 26. f4 Bxf4 27. Rdg1 Bxe3 28. fxe3 Qf3+ 29. Kd2 Qxe3+ 30. Kd1 Ne4 31. Nxe4 Rxe4 32. Rxe4 Qxe4 33. Qxe4 dxe4 34. Ke2 Kf8 35. Ke3 Ke7 36. Kxe4 Rh8 37. Ba3+ Ke6 38. Rg2 Rh4+ 39. Kd3 Kd5 40. Rg5+ f5 41. Rxg6 Rxd4+ 42. Kc3 c5 43. Bc1 Ke4 44. Rg7 f4 45. Rxa7 Kf3 46. Rf7 b5 47. Rf5 b4+ 48. Kc2 c4 49. Rxf4+ Rxf4 50. Bxf4 cxb3+ 51. Kxb3 1-0

[Event "Chinese Team-ch Men 2025"]
[Site "Zhang Jiakou Hebei"]
[Date "2025.04.29"]
[Round "5.28"]
[White "Wu, Kaige"]
[Black "Zhang, Tiankun"]
[Result "1-0"]
[Annotator "NA RC"]
[ECO "B20"]
[WhiteElo "1753"]
[BlackElo "1581"]
[PlyCount "63"]
[EventDate "2025.04.26"]
[EventType "team-tourn"]
[EventCountry "CHN"]
[SourceTitle "playchess.com"]
[Source "ChessBase"]
[SourceQuality "1"]
[TimeControl "5400+30"]

1. e4 c5 2. g3 d5 3. exd5 Qxd5 4. Nf3 Nc6 5. d3 Nd4 6. Bg2 Bh3 7. O-O Bxg2 8. Kxg2 Nf6 9. Nbd2 g6 10. Re1 Bg7 11. c3 Nf5 12. Qa4+ Qd7 13. Qxd7+ Nxd7 14. Ne4 O-O 15. a4 b6 16. Bf4 Nf6 17. Nxf6+ Bxf6 18. g4 Nh4+ 19. Nxh4 Bxh4 20. Kh3 g5 21. Rxe7 Rfe8 22. Rxe8+ Rxe8 23. Be3 Re6 24. a5 Rf6 25. Kg2 Kg7 26. axb6 axb6 27. d4 Rc6 28. Ra6 c4 29. d5 Rd6 30. Bd4+ Kf8 31. Bc5 bxc5 32. Rxd6 1-0

[Event "Chinese Team-ch Men 2025"]
[Site "Zhang Jiakou Hebei"]
[Date "2025.04.29"]
[Round "5.29"]
[White "Fan, Yupan"]
[Black "Cao, Qingfeng"]
[Result "0-1"]
[Annotator "RC"]
[ECO "E11"]
[WhiteElo "1527"]
[BlackElo "2443"]
[PlyCount "40"]
[EventDate "2025.04.26"]
[EventType "team-tourn"]
[EventCountry "CHN"]
[SourceTitle "playchess.com"]
[Source "ChessBase"]
[SourceQuality "1"]
[TimeControl "5400+30"]

1. d4 Nf6 2. c4 e6 3. g3 d5 4. Bg2 Bb4+ 5. Bd2 a5 6. a3 Be7 7. Nf3 O-O 8. O-O Nbd7 9. Qc2 c6 10. c5 b6 11. cxb6 Qxb6 12. Nc3 Ba6 13. Rfc1 Rfc8 14. b4 axb4 15. axb4 Bc4 16. Na4 Qb5 17. Be1 Ra6 18. Nb2 Bxe2 19. Na4 Bd3 20. Qd1 Ne4 0-1

[Event "Chinese Team-ch Men 2025"]
[Site "Zhang Jiakou Hebei"]
[Date "2025.04.29"]
[Round "5.33"]
[White "Ma, Lin"]
[Black "Yu, Shi"]
[Result "1/2-1/2"]
[Annotator "RC"]
[ECO "E20"]
[WhiteElo "2221"]
[BlackElo "1973"]
[PlyCount "63"]
[EventDate "2025.04.26"]
[EventType "team-tourn"]
[EventCountry "CHN"]
[SourceTitle "playchess.com"]
[Source "ChessBase"]
[SourceQuality "1"]
[TimeControl "5400+30"]

1. d4 Nf6 2. c4 e6 3. Nc3 Bb4 4. Bd2 c5 5. a3 Bxc3 6. Bxc3 Ne4 7. Qd3 Nxc3 8. Qxc3 Qf6 9. Nf3 b6 10. e3 Bb7 11. Be2 cxd4 12. Qxd4 Qxd4 13. Nxd4 Ke7 14. Nb5 Na6 15. O-O Bc6 16. Rac1 Rhc8 17. Nd4 Bb7 18. f3 d6 19. Rfd1 Nc7 20. e4 g6 21. Bd3 e5 22. Ne2 Ne6 23. Bb1 Rc7 24. b3 f6 25. Kf2 a6 26. Ke3 Rac8 27. g3 Rf8 28. f4 Rcc8 29. Rd2 Nc5 30. Bc2 Ne6 31. Rcd1 Rfd8 32. Rc1 1/2-1/2

[Event "Chinese Team-ch Men 2025"]
[Site "Zhang Jiakou Hebei"]
[Date "2025.04.29"]
[Round "5.34"]
[White "Liu, Huaqi"]
[Black "Sun, Chao"]
[Result "1/2-1/2"]
[Annotator "RC"]
[ECO "A09"]
[WhiteElo "1816"]
[BlackElo "2211"]
[PlyCount "58"]
[EventDate "2025.04.26"]
[EventType "team-tourn"]
[EventCountry "CHN"]
[SourceTitle "playchess.com"]
[Source "ChessBase"]
[SourceQuality "1"]
[TimeControl "5400+30"]

1. Nf3 Nf6 2. g3 d5 3. Bg2 e6 4. O-O c5 5. c4 d4 6. d3 Nc6 7. e3 Be7 8. exd4 cxd4 9. Na3 O-O 10. Re1 Nd7 11. Nc2 e5 12. b4 f6 13. Rb1 a5 14. a3 axb4 15. axb4 Nb6 16. b5 Nb8 17. Bd2 N8d7 18. Bb4 Bxb4 19. Nxb4 Nc5 20. Nd2 Bf5 21. Nb3 Nbd7 22. Nxc5 Nxc5 23. Bd5+ Kh8 24. Qf3 Qd7 25. Ra1 Bg4 26. Qg2 Bh3 27. Qf3 Bg4 28. Qg2 Bh3 29. Qf3 Bg4 1/2-1/2

[Event "Chinese Team-ch Men 2025"]
[Site "Zhang Jiakou Hebei"]
[Date "2025.04.30"]
[Round "6.1"]
[White "Bai, Jinshi"]
[Black "Wen, Yang"]
[Result "1/2-1/2"]
[Annotator "ChessBase"]
[ECO "A13"]
[WhiteElo "2569"]
[BlackElo "2572"]
[PlyCount "64"]
[EventDate "2025.04.26"]
[EventType "team-tourn"]
[EventCountry "CHN"]
[SourceTitle "playchess.com"]
[Source "ChessBase"]
[SourceQuality "1"]
[TimeControl "5400+30"]

1. c4 e6 2. Nf3 Nf6 3. b3 d5 4. e3 c5 5. cxd5 exd5 6. Bb5+ Bd7 7. Bxd7+ Nbxd7 8. O-O g6 9. d4 Bg7 10. Nc3 O-O 11. Bb2 Rc8 12. Rc1 a6 13. Rc2 cxd4 14. Nxd4 Nc5 15. Qe2 Qd7 16. Rfc1 Rfd8 17. h3 Nfe4 18. Nxe4 Nxe4 19. Qg4 Rxc2 20. Rxc2 f5 21. Qe2 Rc8 22. Rxc8+ Qxc8 23. Nf3 Bxb2 24. Qxb2 Qc3 25. Qe2 Qc1+ 26. Kh2 f4 27. exf4 Qxf4+ 28. Kg1 Qc1+ 29. Kh2 Qc7+ 30. Kg1 Qc1+ 31. Kh2 Qc7+ 32. Kg1 Qc1+ 1/2-1/2

[Event "Chinese Team-ch Men 2025"]
[Site "Zhang Jiakou Hebei"]
[Date "2025.04.30"]
[Round "6.2"]
[White "Zhao, Jun"]
[Black "Kong, Xiangrui"]
[Result "1-0"]
[Annotator "ChessBase"]
[ECO "C48"]
[WhiteElo "2532"]
[BlackElo "2451"]
[PlyCount "107"]
[EventDate "2025.04.26"]
[EventType "team-tourn"]
[EventCountry "CHN"]
[SourceTitle "playchess.com"]
[Source "ChessBase"]
[SourceQuality "1"]
[TimeControl "5400+30"]

1. e4 e5 2. Nf3 Nc6 3. Nc3 Nf6 4. Bb5 Bc5 5. d3 Nd4 6. Nxd4 Bxd4 7. O-O O-O 8. Ne2 Bb6 9. Ng3 c6 10. Ba4 d5 11. h3 dxe4 12. dxe4 Qxd1 13. Rxd1 Be6 14. Bb3 a5 15. Kf1 Rfe8 16. Bg5 a4 17. Bxe6 Rxe6 18. Rd3 h6 19. Bxf6 Rxf6 20. Nf5 Kh7 21. Ke2 g6 22. Ne3 Bd4 23. c3 Bxe3 24. Kxe3 c5 25. Rd7 c4 26. a3 Rb6 27. Rad1 Rxb2 28. Rxf7+ Kg8 29. Rdd7 Rd8 30. Rg7+ Kf8 31. Rdf7+ Ke8 32. Re7+ Kf8 33. Ref7+ Ke8 34. Kf3 Rd3+ 35. Kg4 Re2 36. f3 Rxg2+ 37. Kh4 Rgd2 38. Rxb7 Rd7 39. Rb8+ Rd8 40. Rb5 R2d3 41. Kg3 Kf8 42. Rxg6 Rxc3 43. Rxe5 Rxa3 44. Rxh6 Rdd3 45. Rf5+ Ke7 46. Rc6 c3 47. h4 Rb3 48. h5 a3 49. h6 Rd6 50. h7 Rd8 51. Ra5 Rh8 52. Ra7+ Kd8 53. Ra8+ Kd7 54. Rxh8 1-0

[Event "Chinese Team-ch Men 2025"]
[Site "Zhang Jiakou Hebei"]
[Date "2025.04.30"]
[Round "6.3"]
[White "Xie, Kaifan"]
[Black "Xiao, Tong"]
[Result "1/2-1/2"]
[Annotator "ChessBase"]
[ECO "E04"]
[WhiteElo "2435"]
[BlackElo "2496"]
[PlyCount "71"]
[EventDate "2025.04.26"]
[EventType "team-tourn"]
[EventCountry "CHN"]
[SourceTitle "playchess.com"]
[Source "ChessBase"]
[SourceQuality "1"]
[TimeControl "5400+30"]

1. d4 Nf6 2. c4 e6 3. Nf3 d5 4. g3 dxc4 5. Bg2 Nc6 6. Qa4 Bb4+ 7. Bd2 Nd5 8. Bxb4 Ndxb4 9. O-O Rb8 10. Na3 O-O 11. Qb5 b6 12. Qxc4 Ba6 13. Nb5 Qe8 14. Rfc1 Nd5 15. Qxc6 Qxc6 16. Rxc6 Bxb5 17. Rc2 Rfc8 18. Ne5 c5 19. dxc5 Rxc5 20. Rxc5 bxc5 21. Rc1 f6 22. Bh3 Rb6 23. Nc4 Bxc4 24. Rxc4 Nb4 25. a3 Na6 26. Rc2 Kf7 27. f4 Ke7 28. Kf2 g6 29. Bf1 Kd6 30. Rd2+ Ke7 31. Rc2 Kd6 32. e4 Nc7 33. Rd2+ Ke7 34. Rc2 Kd6 35. Rd2+ Ke7 36. Rc2 1/2-1/2

[Event "Chinese Team-ch Men 2025"]
[Site "Zhang Jiakou Hebei"]
[Date "2025.04.30"]
[Round "6.4"]
[White "Huang, Renjie"]
[Black "Jin, Yueheng"]
[Result "1/2-1/2"]
[Annotator "ChessBase"]
[ECO "C48"]
[WhiteElo "2491"]
[BlackElo "2383"]
[PlyCount "95"]
[EventDate "2025.04.26"]
[EventType "team-tourn"]
[EventCountry "CHN"]
[SourceTitle "playchess.com"]
[Source "ChessBase"]
[SourceQuality "1"]
[TimeControl "5400+30"]

1. e4 e5 2. Nf3 Nc6 3. Nc3 Nf6 4. Bb5 Nd4 5. O-O c6 6. Bd3 Nxf3+ 7. Qxf3 d6 8. Be2 g6 9. d3 Nh5 10. Be3 Bg7 11. Rad1 O-O 12. d4 f5 13. dxe5 Bxe5 14. Bd4 Bxd4 15. Rxd4 fxe4 16. Qe3 Ng7 17. Rxe4 d5 18. Rf4 Rxf4 19. Qxf4 Qf8 20. Qd2 Qb4 21. Rb1 d4 22. Ne4 Qxd2 23. Nxd2 Bf5 24. Rc1 Rd8 25. Kf1 d3 26. cxd3 Bxd3 27. Bxd3 Rxd3 28. Nb3 Ne6 29. Re1 Kf7 30. Rxe6 Rxb3 31. Rxc6 Rxb2 32. Rc7+ Kg8 33. g4 Rxa2 34. Rxb7 g5 35. Kg2 Ra3 36. f3 h6 37. Kg3 Kh8 38. Rf7 Kg8 39. Rf5 Kg7 40. h4 Kg6 41. h5+ Kg7 42. Kf2 Rb3 43. Ra5 Rb7 44. Ra6 Re7 45. Kg3 Kh7 46. Kg2 Kg7 47. Kg3 Kh7 48. Kg2 1/2-1/2

[Event "Chinese Team-ch Men 2025"]
[Site "Zhang Jiakou Hebei"]
[Date "2025.04.30"]
[Round "6.5"]
[White "Xu, Yi"]
[Black "Dai, Changren"]
[Result "1/2-1/2"]
[Annotator "ChessBase"]
[ECO "B31"]
[WhiteElo "2480"]
[BlackElo "2527"]
[PlyCount "60"]
[EventDate "2025.04.26"]
[EventType "team-tourn"]
[EventCountry "CHN"]
[SourceTitle "playchess.com"]
[Source "ChessBase"]
[SourceQuality "1"]
[TimeControl "5400+30"]

1. e4 c5 2. Nf3 Nc6 3. Bb5 g6 4. O-O Bg7 5. c3 Nf6 6. Re1 O-O 7. d4 a6 8. Bf1 d5 9. exd5 Qxd5 10. dxc5 Qxc5 11. h3 e5 12. Nbd2 Rd8 13. Qa4 h6 14. Nb3 Qe7 15. Na5 Nxa5 16. Rxe5 Qc7 17. Qxa5 Qxa5 18. Rxa5 Ne4 19. Nd4 b6 20. Ra4 Bb7 21. Be3 b5 22. Ra5 b4 23. Rc1 Rac8 24. Ne2 bxc3 25. Nxc3 Nxc3 26. bxc3 Bxc3 27. Rc5 Rxc5 28. Bxc5 Bd4 29. Bxd4 Rxd4 30. Rc7 Bd5 1/2-1/2

[Event "Chinese Team-ch Men 2025"]
[Site "Zhang Jiakou Hebei"]
[Date "2025.04.30"]
[Round "6.6"]
[White "Wang, Shixu B"]
[Black "Lou, Yiping"]
[Result "1/2-1/2"]
[Annotator "ChessBase"]
[ECO "E59"]
[WhiteElo "2452"]
[BlackElo "2464"]
[PlyCount "158"]
[EventDate "2025.04.26"]
[EventType "team-tourn"]
[EventCountry "CHN"]
[SourceTitle "playchess.com"]
[Source "ChessBase"]
[SourceQuality "1"]
[TimeControl "5400+30"]

1. d4 Nf6 2. c4 e6 3. Nc3 Bb4 4. e3 O-O 5. Bd3 d5 6. a3 Bxc3+ 7. bxc3 dxc4 8. Bxc4 c5 9. Nf3 Qc7 10. Be2 Nc6 11. O-O e5 12. Bb2 Rd8 13. Qc2 Bg4 14. h3 Bh5 15. Rae1 Rac8 16. dxe5 Nxe5 17. Nxe5 Bxe2 18. Qxe2 Qxe5 19. c4 Qd6 20. Qf3 Ne8 21. Rd1 Qb6 22. Ba1 Rxd1 23. Rxd1 Rd8 24. Rd2 Rd7 25. Rxd7 Qc7 26. Rd8 Qxd8 27. Qxb7 Qd1+ 28. Kh2 Qxa1 29. Qe7 g6 30. Qxe8+ Kg7 31. a4 Qc3 32. Qe7 Qxc4 33. Qxa7 Qc3 34. Qc7 c4 35. a5 Qa1 36. Qxc4 Qxa5 37. Qd4+ Kg8 38. Qf6 Qd5 39. f3 Qd2 40. e4 Qe1 41. e5 Qc3 42. Kg3 Qd4 43. h4 h5 44. Qd6 Qe3 45. Qd8+ Kg7 46. Qf6+ Kg8 47. Qd8+ Kg7 48. Qf6+ Kg8 49. Qf4 Qe1+ 50. Kh2 Kg7 51. Qd4 Kg8 52. Qe4 Qd2 53. Kh3 Qd7+ 54. Kg3 Qd2 55. Qa8+ Kg7 56. Qe4 Kg8 57. Kh2 Kg7 58. Kg1 Qd1+ 59. Kf2 Qd2+ 60. Qe2 Qf4 61. Qe4 Qd2+ 62. Kg1 Qd1+ 63. Kh2 Qd2 64. Kh3 Qd7+ 65. g4 hxg4+ 66. fxg4 Qd2 67. Kg3 Qc1 68. Qe2 Qg1+ 69. Kf4 Qd4+ 70. Kf3 Qd5+ 71. Kf4 Qd4+ 72. Kf3 Qd5+ 73. Kg3 Qd4 74. Kh3 Qc3+ 75. Kg2 Qd4 76. Kh2 Qf4+ 77. Kh3 Qd4 78. Kg2 Qd5+ 79. Kg3 Qd4 1/2-1/2

[Event "Chinese Team-ch Men 2025"]
[Site "Zhang Jiakou Hebei"]
[Date "2025.04.30"]
[Round "6.7"]
[White "Meng, Yihan"]
[Black "Chu, Weichao"]
[Result "1-0"]
[Annotator "ChessBase"]
[ECO "B13"]
[WhiteElo "2433"]
[BlackElo "2406"]
[PlyCount "45"]
[EventDate "2025.04.26"]
[EventType "team-tourn"]
[EventCountry "CHN"]
[SourceTitle "playchess.com"]
[Source "ChessBase"]
[SourceQuality "1"]
[TimeControl "5400+30"]

1. e4 c6 2. d4 d5 3. exd5 cxd5 4. Bd3 Nc6 5. c3 Nf6 6. Bf4 Bg4 7. Qb3 Qd7 8. Nd2 e6 9. Ngf3 Bd6 10. Bxd6 Qxd6 11. O-O O-O 12. Rfe1 Bxf3 13. Nxf3 Rab8 14. Qc2 b5 15. b4 Rfc8 16. Qe2 a5 17. a4 bxa4 18. b5 Na7 19. Rxa4 Qb6 20. Rb1 Rxc3 21. Ne5 Nxb5 22. Qe1 Qc7 23. Bxb5 1-0

[Event "Chinese Team-ch Men 2025"]
[Site "Zhang Jiakou Hebei"]
[Date "2025.04.30"]
[Round "6.8"]
[White "Xi, Qi"]
[Black "Gong, Sunle"]
[Result "1/2-1/2"]
[Annotator "ChessBase"]
[ECO "D37"]
[WhiteElo "2257"]
[BlackElo "2410"]
[PlyCount "135"]
[EventDate "2025.04.26"]
[EventType "team-tourn"]
[EventCountry "CHN"]
[SourceTitle "playchess.com"]
[Source "ChessBase"]
[SourceQuality "1"]
[TimeControl "5400+30"]

1. d4 d5 2. c4 e6 3. Nf3 Nf6 4. Nc3 Be7 5. Bf4 O-O 6. e3 Nbd7 7. c5 Nh5 8. Bd3 Nxf4 9. exf4 b6 10. b4 a5 11. a3 c6 12. O-O Ba6 13. Bxa6 Rxa6 14. Qe2 b5 15. Na2 Ra7 16. a4 bxa4 17. b5 cxb5 18. Qxb5 Qc7 19. g3 Bf6 20. Rfc1 Rb7 21. Qxa4 Nb8 22. Rab1 Nc6 23. Rb6 Rc8 24. Rcb1 Rcb8 25. Rxb7 Rxb7 26. Rxb7 Qxb7 27. Nc3 g6 28. Nb5 Qd7 29. Qa3 Qb7 30. Qa4 Qd7 31. Qa3 Kg7 32. Kg2 Qb7 33. Nd6 Qd7 34. Nb5 Bd8 35. Nc3 Nb4 36. h4 h5 37. Ne5 Qe8 38. Qb3 f6 39. Nf3 Qc6 40. Qa3 Bc7 41. Kg1 Kf8 42. Qa4 Qxa4 43. Nxa4 Ke7 44. Kf1 Na2 45. Ke2 Kd7 46. Kd2 Kc6 47. Ne1 Kb5 48. Nc3+ Nxc3 49. Kxc3 a4 50. Nc2 Ba5+ 51. Kb2 Bd2 52. Na3+ Kc6 53. Nc2 e5 54. fxe5 fxe5 55. dxe5 Kxc5 56. Ka3 d4 57. e6 d3 58. Ne3 Bc1+ 59. Kxa4 Bxe3 60. Kb3 Bg5 61. hxg5 Kd6 62. Kc3 Kxe6 63. Kxd3 Kf5 64. f4 h4 65. gxh4 Kxf4 66. h5 Kxg5 67. hxg6 Kxg6 68. Ke4 1/2-1/2